Map: Lerilak Crest

Players

vasea

  • Race: Protoss Protoss

Indra

  • Race: Zerg Zerg

Gracz - Winner!

  • Race: Zerg Zerg

TreeNewBee - Winner!

  • Race: Zerg Zerg
  • League: Gold

VOD

Have the link to the VOD?

Description

Time

  • Played on: April 28, 2016, 11:39 a.m.
  • Length: 3:07
Show
View Real Time Build Order
Export as new Build Order

vasea Protoss 

Build Orders: Forge Fast Expand (FFE) 

Get SALT Encoding   

  12  0:03  Probe (Chrono Boost)  
  13  0:13  Probe (Chrono Boost)  
  14  0:24  Probe (Chrono Boost)  
  15  0:36  Pylon  
  15  0:43  Pylon  
  15  0:56  Forge  
  15  1:01  Probe (Chrono Boost)  
  16  1:12  Probe (Chrono Boost)  
  17  1:25  Nexus  
  17  1:31  Probe (Chrono Boost)  
  18  1:41  Gateway, Probe (Chrono Boost)  
  19  1:51  Photon Cannon  
  19  1:56  Probe (Chrono Boost)  
  20  2:04  Photon Cannon  
  20  2:17  Photon Cannon  
  20  2:22  Assimilator  
  20  2:33  Assimilator  
  20  2:37  Probe (Chrono Boost)  
  20  2:43  Probe (Chrono Boost)  
  22  2:47  Assimilator  
  22  2:48  Probe (Chrono Boost)  
  23  2:54  Probe (Chrono Boost)  
Show
View Real Time Build Order
Export as new Build Order

Indra Zerg 

Build Orders: Hatch First 

Get SALT Encoding   

  12  0:01  Drone  
  13  0:33  Drone  
  14  0:44  Hatchery  
  14  0:45  Drone  
  14  0:59  Spawning Pool  
  13  1:08  Extractor, Drone  
  13  1:09  Drone  
  14  1:12  Extractor  
  14  1:13  Drone  
  14  1:23  Overlord  
  14  1:39  Overlord  
  13  2:09  Zergling x4  
  13  2:13  Zergling x2  
  4  2:44  Drone x2  
Show
View Real Time Build Order
Export as new Build Order

Gracz Zerg - Winner!

Build Orders: Pool First 

Get SALT Encoding   

  12  0:03  Drone  
  13  0:08  Drone  
  14  0:18  Overlord  
  14  0:43  Drone x3  
  17  0:58  Spawning Pool  
  16  1:06  Drone x2  
  16  1:10  Extractor  
  17  1:39  Hatchery  
  16  1:51  Drone x2  
  16  1:52  Zergling x2  
  19  2:12  Zergling x2  
  19  2:14  Hatchery  
  19  2:43  Zergling x6  
  22  2:52  Drone  
Show
View Real Time Build Order
Export as new Build Order

TreeNewBee Zerg - Winner!

Build Orders: Pool First 

Get SALT Encoding   

  12  0:20  Spawning Pool  
  11  0:22  Drone  
  11  0:27  Drone  
  13  0:36  Overlord  
  13  0:40  Drone  
  14  1:07  Zergling x6  
  17  1:19  Zergling x2  
  17  1:25  Hatchery  
  17  1:33  Drone  
  17  1:36  Extractor  
  17  1:38  Queen  
  19  1:44  Drone  
  20  2:01  Zergling x4  
  22  2:16  Overlord  
  20  2:39  Zergling x6  
  25  2:46  Overlord  
  25  2:48  Drone  
Tags
 
Add a new tag
Caveats
  • Supply blocks, unpowered buildings, or Contaminate may cause inaccurate times.
  • Supply counts are checked every 10 seconds.